[Event "*** SCC Grand Prix: Titled Tuesday Blitz"]
[Site "Chess.com"]
[Date "2020.08.11"]
[Round "8"]
[White "diablanni"]
[Black "Roaccutane"]
[Result "1-0"]
[WhiteElo "2348"]
[BlackElo "2553"]
[TimeControl "180+1"]
[EndTime "11:34:03 PDT"]
[Termination "diablanni won by resignation"]

1. e4 d6 2. d4 Nf6 3. Nc3 g6 4. Be3 c6 5. Qd2 b5 6. Bd3 Nbd7 7. a4 b4 8. Nce2 a5 9. h3 Qc7 10.
Nf3 c5 11. c3 Bb7 12. Ng3 c4 13. Bb1 b3 14. O-O h5 15. Ng5 h4 16. Ne2 Bh6 17. d5 Nc5 18. Qd4 Bg7 19. f4 O-O 20.
Qd2 Bh6 21. Qe1 Bxg5 22. fxg5 Nfxe4 23. Qxh4 Bxd5 24. Rf4 Nd3 25. Bxd3 cxd3 26. Qh6 Ng3 27. Nxg3 Be4 28. Nxe4 1-0

[Event "*** SCC Grand Prix: Titled Tuesday Blitz"]
[Site "Chess.com"]
[Date "2020.08.11"]
[Round "8"]
[White "tan275"]
[Black "Fischerev7"]
[Result "1-0"]
[WhiteElo "2250"]
[BlackElo "2392"]
[TimeControl "180+1"]
[EndTime "11:34:04 PDT"]
[Termination "tan275 won on time"]

1. d4 Nf6 2. c4 e6 3. g3 d5 4. Nf3 Be7 5. Bg2 O-O 6. Nc3 dxc4 7. O-O c5 8. dxc5 Bxc5 9. Qa4 Nc6 10. Rd1 Qa5 11.
Qxc4 Qb4 12. Qxb4 Bxb4 13. Bg5 Bxc3 14. bxc3 Nd5 15. c4 Nc3 16. Rd3 Ne4 17. Bf4 f5 18. Ne5 Nxe5 19. Bxe5 b6 20. Bxe4 fxe4 21. Rd6 Kf7 22.
Rad1 e3 23. f4 Re8 24. Rc6 Re7 25. Rcd6 Ba6 26. c5 Bxe2 27. Re1 Bc4 28. c6 Rc8 29. Rxe3 1-0

[Event "*** SCC Grand Prix: Titled Tuesday Blitz"]
[Site "Chess.com"]
[Date "2020.08.11"]
[Round "8"]
[White "Zmeeed63"]
[Black "hellokostya"]
[Result "1-0"]
[WhiteElo "2227"]
[BlackElo "2374"]
[TimeControl "180+1"]
[EndTime "11:34:04 PDT"]
[Termination "Zmeeed63 won on time"]

1. d4 Nf6 2. c4 g6 3. Nc3 Bg7 4. Nf3 O-O 5. Bg5 d6 6. e3 c5 7. Be2 h6 8. Bh4 g5 9. Bg3 Nh5 10. Qd3 Nxg3 11. hxg3 f5 12. O-O-O Nc6 13. Rh2 g4 14.
Nh4 cxd4 15. Nd5 dxe3 16. Qxe3 e6 17. Nf4 Qf6 18. Rd2 Nd4 19. Nh5 Nxe2+ 20. Qxe2 Qg5 21. Nxg7 Kxg7 22. Kb1 Bd7 23. Rxd6 Bc6 24. Rxe6 Be4+ 25. Rxe4 fxe4 26. Qxe4 Rae8 27. Qd4+ Qe5 28. Qxg4+ Qg5 29. Qd4+ Kg8 30. Nf3 Qg6+ 31. Kc1 Rd8 32. Qe3 Rfe8 33.
Qxh6 Rd1+ 34. Kxd1 Qb1+ 35. Qc1 Rd8+ 36. Nd2 Qd3 37. Qc3 Qf1+ 38. Kc2 Qg1 39. Rh8+ 1-0

[Event "*** SCC Grand Prix: Titled Tuesday Blitz"]
[Site "Chess.com"]
[Date "2020.08.11"]
[Round "8"]
[White "tsvet2005"]
[Black "vova-79"]
[Result "0-1"]
[WhiteElo "2573"]
[BlackElo "2471"]
[TimeControl "180+1"]
[EndTime "11:34:06 PDT"]
[Termination "vova-79 won by checkmate"]

1. d4 d5 2. c4 e6 3. Nc3 c6 4. Nf3 Nf6 5. e3 Nbd7 6. Bd3 Be7 7. O-O O-O 8. e4 dxe4 9. Nxe4 c5 10. dxc5 Nxc5 11.
Nxc5 Bxc5 12. Bg5 b6 13. Qc2 h6 14. Bh4 Bb7 15. Rad1 Qc7 16. Bxf6 Bxf3 17. gxf3 gxf6 18. Qc1 Kg7 19. Kh1 Rh8 20. Rg1+ Kf8 21. Rg2 Rd8 22. Qc2 Qf4 23. Qe2 Ke7 24. Rg4 Qe5 25. Re4 Qh5 26. Re1 Rd6 27. Bc2 Rhd8 28. a3 a5 29. Bb1 Kf8 30. Rg4 Rd2 31. Qe4 Rxf2 32. h4 f5 33. Qe5 fxg4 34. Qxh5 g3 35. Qxh6+ Ke8 36. Qh8+ Ke7 37. Qxd8+ Kxd8 38. Rd1+ Ke7 39. b4 Rh2# 0-1

[Event "*** SCC Grand Prix: Titled Tuesday Blitz"]
[Site "Chess.com"]
[Date "2020.08.11"]
[Round "8"]
[White "Son_of_Sultan"]
[Black "Fh2411"]
[Result "1-0"]
[WhiteElo "2710"]
[BlackElo "2562"]
[TimeControl "180+1"]
[EndTime "11:34:08 PDT"]
[Termination "Son_of_Sultan won by resignation"]

1. Nf3 d5 2. d4 c6 3. g3 Nf6 4. c4 Bg4 5. Ne5 Be6 6. cxd5 Bxd5 7. f3 Nfd7 8. Nd3 f6 9. Nc3 Bf7 10. Bg2 e6 11. e4 Be7 12. O-O O-O 13. Be3 Na6 14.
Qe2 Nb4 15. Nf2 e5 16. Rfd1 Qc7 17. a3 exd4 18. Rxd4 Na6 19. Rad1 Rfd8 20. f4 Bc5 21. R4d2 Bxe3 22. Qxe3 Ndc5 23. b4 Rxd2 24. Qxd2 Nb3 25. Qe3 Qb6 26. Qxb6 axb6 27. Rd7 Rb8 28. Bh3 b5 29. e5 Bc4 30. exf6 gxf6 31. Nce4 Rf8 32. Ng4 Rf7 33. Nh6+ Kg7 34. Nxf7 Bxf7 35. Nd6 1-0

[Event "*** SCC Grand Prix: Titled Tuesday Blitz"]
[Site "Chess.com"]
[Date "2020.08.11"]
[Round "8"]
[White "Sn00pPawn"]
[Black "queen_iryna"]
[Result "0-1"]
[WhiteElo "2015"]
[BlackElo "2247"]
[TimeControl "180+1"]
[EndTime "11:34:08 PDT"]
[Termination "queen_iryna won on time"]

1. e4 d6 2. d4 Nf6 3. Nc3 e5 4. dxe5 dxe5 5. Qxd8+ Kxd8 6. Nf3 Bd6 7. Bg5 Be6 8. O-O-O Nd7 9. Nb5 Ke7 10. Kb1 h6 11. Bxf6+ Nxf6 12. Bd3 a6 13. Nxd6 cxd6 14. h3 Rhc8 15.
Rhe1 b5 16. Nd2 Rab8 17. Nf1 a5 18. Ne3 b4 19. b3 Rc3 20. f3 a4 21. Bc4 axb3 22.
axb3 Ra8 23. Kb2 Nd7 24. Rd2 Nb6 25. Bxe6 fxe6 26. Nd1 Rc5 27. Nf2 Rca5 28. Rdd1 Ra2+ 29. Kc1 Rc8 30. Re2 Na4 31. Rd3 Nc5 32. Rdd2 Nxb3+ 33. Kb1 Nxd2+ 34. Rxd2 Rca8 35. Nd3 b3 36. Nb4 bxc2+ 37.
Rxc2 Rxc2 38. Nxc2 d5 39. Kc1 Kd6 40. Kd2 Ra2 41.
Kc3 d4+ 42. Kd3 Kc5 0-1

[Event "*** SCC Grand Prix: Titled Tuesday Blitz"]
[Site "Chess.com"]
[Date "2020.08.11"]
[Round "8"]
[White "ThePatrick27"]
[Black "adotand"]
[Result "1-0"]
[WhiteElo "2485"]
[BlackElo "2752"]
[TimeControl "180+1"]
[EndTime "11:34:09 PDT"]
[Termination "ThePatrick27 won by resignation"]

1. d4 Nf6 2. c4 g6 3. Nc3 Bg7 4. e4 d6 5. Nf3 O-O 6. Be2 e5 7.
O-O Nc6 8. d5 Ne7 9. Ne1 Nd7 10.
Be3 f5 11. f3 f4 12. Bf2 g5 13.
Rc1 Ng6 14. Nb5 a6 15. Na7 Rxa7 16. Bxa7 b6 17. b4 Rf7 18. Nd3 Bf8 19. a4 Nf6 20. c5 g4 21. a5 g3 22. cxb6 Nh5 23. bxc7 Qh4 24. h3 Bxh3 25. gxh3 Qxh3 26. Rf2 gxf2+ 27.
Nxf2 Qg3+ 28. Kf1 Ne7 29. Bb6 Nc8 30. Bxa6 Ne7 31. c8=Q Nxc8 32. Bxc8 Rg7 33. Be6+ Kh8 34. Rc8 Qg2+ 35. Ke2 Rg3 36. Rxf8+ Kg7 37. Rg8+ Kh6 38. Rxg3 fxg3 39. Be3+ Nf4+ 40. Bxf4+ exf4 41. Qf1 Qh2 42. Qh3+ Qxh3 43. Nxh3 Kg6 44. a6 g2 45. a7 g1=Q 46. Nxg1 1-0

[Event "*** SCC Grand Prix: Titled Tuesday Blitz"]
[Site "Chess.com"]
[Date "2020.08.11"]
[Round "8"]
[White "BursaBBSatranc"]
[Black "Sanyura"]
[Result "0-1"]
[WhiteElo "2507"]
[BlackElo "2415"]
[TimeControl "180+1"]
[EndTime "11:34:09 PDT"]
[Termination "Sanyura won on time"]

1. d4 Nf6 2. Bf4 c5 3. e3 d5 4. c3 Nc6 5. Nf3 g6 6. Nbd2 Bg7 7. h3 O-O 8. Be2 c4 9. b3 Ne4 10. Nxe4 dxe4 11. Nd2 cxb3 12. axb3 e5 13. Bh2 f5 14. O-O Kh8 15. Nc4 exd4 16. cxd4 f4 17. Bg4 f3 18.
Bxc8 Rxc8 19. Nd6 Qg5 20. Bg3 fxg2 21. Kxg2 Rcd8 22. Qg4 Qd5 23. Nxb7 h5 24. Qe2 Nxd4 25. exd4 Qxb7 26. Ra6 e3+ 27. Kh2 h4 28. Bxh4 Rxd4 29.
Bg3 Rd2 30. Qc4 e2 31. Re1 Rd1 32. Qh4+ Kg8 33. Qc4+ Rf7 0-1

[Event "*** SCC Grand Prix: Titled Tuesday Blitz"]
[Site "Chess.com"]
[Date "2020.08.11"]
[Round "8"]
[White "Lion-Al-Messi"]
[Black "Andrii_Prydun"]
[Result "1-0"]
[WhiteElo "2506"]
[BlackElo "2358"]
[TimeControl "180+1"]
[EndTime "11:34:09 PDT"]
[Termination "Lion-Al-Messi won on time"]

1. e4 d5 2. exd5 Qxd5 3. Nc3 Qd6 4. d4 Nf6 5. Nf3 c6 6. Ne5 Nbd7 7. Bf4 Nd5 8. Nxd5 Qxd5 9. Qd2 Nxe5 10. Bxe5 Bf5 11. f3 f6 12. Bg3 O-O-O 13. Qf4 Rd6 14. O-O-O Qa5 15. Bc4 h5 16. Be1 g5 17. Qxd6 Qxe1 18. Qxc6+ bxc6 19. Rhxe1 Kd7 20. d5 c5 21. Bd3 Bxd3 22. Rxd3 Bh6 23. Ra3 g4+ 24. Kb1 Re8 25.
Rxa7+ Kd6 26. c4 e5 27. dxe6 gxf3 28. gxf3 Bf4 29. Rd1+ Kc6 30. e7 Bc7 31. Ra6+ Bb6 32. Re1 Kb7 33. Rxb6+ Kxb6 34. a4 Ka5 35. b3 f5 36. f4 h4 37. h3 Kb4 38. Kb2 Ka5 39. Ka3 Ka6 40. b4 Kb7 41. bxc5 Ka6 42. Kb4 Rb8+ 43.
Kc3 Re8 44. Re6+ Ka5 45. c6 Ka6 46. c5 Ka5 47. c7 Rb8 48. cxb8=Q 1-0

[Event "*** SCC Grand Prix: Titled Tuesday Blitz"]
[Site "Chess.com"]
[Date "2020.08.11"]
[Round "8"]
[White "Ind1anStar"]
[Black "lelajavakhishvili"]
[Result "0-1"]
[WhiteElo "2508"]
[BlackElo "2431"]
[TimeControl "180+1"]
[EndTime "11:34:10 PDT"]
[Termination "lelajavakhishvili won on time"]

1. c4 e6 2. Nf3 d5 3. e3 Nf6 4. Nc3 c5 5. cxd5 exd5 6. d4 Nc6 7. Bb5 Bd7 8. O-O a6 9. Be2 Be6 10. Ne5 Nxe5 11. dxe5 Nd7 12. f4 d4 13. exd4 cxd4 14. Ne4 Nc5 15. Bf3 Qd7 16. Bd2 d3 17. Be3 Rc8 18.
Rc1 Nxe4 19. Rxc8+ Qxc8 20. Bxe4 Bc5 21. Bxc5 Qxc5+ 22. Kh1 b5 23. Bxd3 O-O 24. Qb1 h6 25. f5 Bd5 26. f6 Qe3 27. fxg7 Kxg7 28. Qe1 Qxd3 29. Qh4 Qg6 30. Qf2 Rc8 31. Rg1 Rc2 0-1

[Event "*** SCC Grand Prix: Titled Tuesday Blitz"]
[Site "Chess.com"]
[Date "2020.08.11"]
[Round "8"]
[White "anon569"]
[Black "XDPS"]
[Result "0-1"]
[WhiteElo "2341"]
[BlackElo "2632"]
[TimeControl "180+1"]
[EndTime "11:34:12 PDT"]
[Termination "XDPS won by checkmate"]

1. e4 e5 2. Nf3 Nc6 3. Bb5 a6 4. Ba4 d6 5. d4 b5 6. Bb3 Nxd4 7.
Nxd4 exd4 8. Qxd4 c5 9. Qd5 Be6 10. Qc6+ Bd7 11. Qd5 c4 12. Bxc4 bxc4 13. Qxc4 Nf6 14.
Nc3 Be7 15. O-O O-O 16. Rd1 Be6 17. Qd4 Qa5 18. Bf4 Rfd8 19. Rd3 Ng4 20. Rg3 Bf6 21. Qd2 Ne5 22. Bg5 Bxg5 23. Qxg5 g6 24. f4 Qc5+ 25.
Kh1 Nd7 26. f5 Bc4 27. b3 Bb5 28. Nd5 Re8 29. Rh3 Rxe4 30. fxg6 hxg6 31. Ne7+ Rxe7 32.
Qxe7 Qe5 33. Qh4 Qxa1+ 34. Qe1 Qxe1# 0-1

[Event "*** SCC Grand Prix: Titled Tuesday Blitz"]
[Site "Chess.com"]
[Date "2020.08.11"]
[Round "8"]
[White "1f3_2g41-0"]
[Black "Schandenfreude"]
[Result "1/2-1/2"]
[WhiteElo "2440"]
[BlackElo "2545"]
[TimeControl "180+1"]
[EndTime "11:34:14 PDT"]
[Termination "Game drawn by repetition"]

1. e4 e6 2. Nf3 d5 3. exd5 exd5 4. d4 Nf6 5. Bd3 Bg4 6. O-O Be7 7. Re1 O-O 8. h3 Bh5 9. g4 Bg6 10. Ne5 Bxd3 11. Qxd3 Nbd7 12. Bg5 c6 13. Nd2 Nxe5 14. dxe5 Nd7 15. Bxe7 Qxe7 16. Nf3 Rfe8 17. Qf5 Nc5 18. Rad1 Ne6 19. Nd4 Rad8 20. c3 Qh4 21. Kg2 g6 22. Qf3 Ng5 23. Qd3 Ne4 24. Re2 Qe7 25. f3 Nc5 26. Qe3 Ne6 27. Kg3 a6 28. h4 c5 29.
Nxe6 fxe6 30. Rh1 Rf8 31. h5 g5 32. h6 Rf4 33. Rh5 Rdf8 34. Rf2 Kh8 35. a3 d4 36. cxd4 cxd4 37. Qb3 b5 38. Qc2 Qf7 39. Qd3 Qe7 40.
Qc2 Qb7 41. Qd3 Qe7 42. Qc2 1/2-1/2

[Event "*** SCC Grand Prix: Titled Tuesday Blitz"]
[Site "Chess.com"]
[Date "2020.08.11"]
[Round "8"]
[White "LubovMarkelova"]
[Black "Chernobay_Artem"]
[Result "1-0"]
[WhiteElo "2284"]
[BlackElo "2467"]
[TimeControl "180+1"]
[EndTime "11:34:14 PDT"]
[Termination "LubovMarkelova won on time"]

1. d4 g6 2. Nf3 Bg7 3. g3 d6 4. Bg2 Nf6 5. O-O O-O 6. Re1 Ne4 7. Nbd2 Nxd2 8. Qxd2 e5 9. e4 Nc6 10. d5 Ne7 11. c4 h6 12. b4 f5 13. exf5 Bxf5 14. Bb2 Bg4 15. Qd3 e4 16. Qxe4 Bxb2 17. Qxg4 Bxa1 18. Rxa1 Qc8 19. Qe4 Qd7 20. Nd4 Nf5 21. Ne6 Rf6 22. Rd1 Re8 23. h4 h5 24. Qb1 a6 25.
Qc1 Kh7 26. Qg5 Qe7 27. Be4 Rf7 28. Qc1 Kg8 29. Bxf5 Rxf5 30. f4 1-0

[Event "*** SCC Grand Prix: Titled Tuesday Blitz"]
[Site "Chess.com"]
[Date "2020.08.11"]
[Round "8"]
[White "jlandaw"]
[Black "FedaMaster"]
[Result "0-1"]
[WhiteElo "2508"]
[BlackElo "2417"]
[TimeControl "180+1"]
[EndTime "11:34:16 PDT"]
[Termination "FedaMaster won by resignation"]

1. e4 g6 2. Nc3 Bg7 3. g3 c5 4. Bg2 Nc6 5. d3 d6 6. f4 e6 7. Nf3 Nge7 8. O-O Nd4 9. e5 Nxf3+ 10. Qxf3 d5 11. Nb5 O-O 12. Nd6 Nf5 13. Nxf5 gxf5 14. Kh1 f6 15. exf6 Bxf6 16. Re1 a5 17. c3 b5 18. Be3 Qb6 19. Qf2 Be7 20. b4 axb4 21.
cxb4 Ra3 22. Bxc5 Bxc5 23. bxc5 Qc6 24. Qd4 Bd7 25. Re2 Rfa8 26. g4 R3a4 27. Qe5 Rf8 28. g5 Qxc5 29. h4 Qd4 30. Rc1 Qxf4 31. Rc7 Qxe5 32. Rxe5 Rxh4+ 33. Kg1 Rd8 34. Kf2 Rg4 35.
Bf3 Rxg5 36. Ke3 Kf8 37. Kd4 Rg3 38. Be2 Ke7 39. Kc5 Kf6 40. d4 Rc3+ 41. Kb4 Rxc7 0-1

[Event "*** SCC Grand Prix: Titled Tuesday Blitz"]
[Site "Chess.com"]
[Date "2020.08.11"]
[Round "8"]
[White "Batsai"]
[Black "Lupul_Cenusiu"]
[Result "0-1"]
[WhiteElo "2352"]
[BlackElo "2503"]
[TimeControl "180+1"]
[EndTime "11:34:16 PDT"]
[Termination "Lupul_Cenusiu won by resignation"]

1. e4 c5 2. Nf3 e6 3. d4 cxd4 4.
Nxd4 a6 5. Bd3 d6 6. O-O Nf6 7. Qe2 Nbd7 8. b3 Nc5 9. Bb2 Be7 10.
Nd2 O-O 11. f4 Nxd3 12. cxd3 Qd7 13. Nc4 Qd8 14. Kh1 Bd7 15. g4 b5 16. Ne3 Rc8 17.
g5 Ne8 18. Rf3 g6 19. Ng4 Ng7 20. Rh3 e5 21. fxe5 Bxg4 22. Qxg4 dxe5 23. Nf3 Qxd3 24. Bxe5 Qe2 25. Re1 Qf2 26. Bd4 Qxa2 27. Bxg7 Kxg7 28. Qh4 Rh8 29. Qh6+ Kg8 30. e5 Qf2 31. e6 fxe6 32. Rg1 Bc5 33. Rhg3 Rf8 34. Qh3 Rf5 35. Nh4 Re5 36.
R3g2 Qd4 37. Rf1 Qe4 38. Qg3 Kg7 39. Qf4 Qxf4 40. Rxf4 Re1+ 0-1

[Event "*** SCC Grand Prix: Titled Tuesday Blitz"]
[Site "Chess.com"]
[Date "2020.08.11"]
[Round "8"]
[White "Andrakhanova"]
[Black "rududuyk"]
[Result "1-0"]
[WhiteElo "1717"]
[BlackElo "2094"]
[TimeControl "180+1"]
[EndTime "11:34:16 PDT"]
[Termination "Andrakhanova won by resignation"]

1. c4 e5 2. Nc3 Nc6 3. g3 Bc5 4. Bg2 d6 5. e3 f5 6. Nge2 Nf6 7. d4 Bb6 8. dxe5 dxe5 9. Bxc6+ bxc6 10. Qxd8+ Kxd8 11.
O-O Ke7 12. b3 g5 13. Ba3+ c5 14. Na4 Nd7 15. Nec3 c6 16. Rad1 h5 17. h3 f4 18.
exf4 gxf4 19. Ne4 Rg8 20. Kh2 Rg6 21. Naxc5 Nxc5 22. Nxc5 Kf7 23. Rfe1 Bc7 24. Ne4 Bf5 25. Nd6+ Bxd6 26. Bxd6 fxg3+ 27. fxg3 e4 28. Bf4 Re6 29. Rd7+ Re7 30. Rd6 Rc8 31. Red1 a5 32. Rh6 e3 33. Rxh5 Bg6 34. Re5 Rxe5 35. Bxe5 Re8 36. Rf1+ Ke6 37. Bf4 e2 38. Re1 Bd3 39. Kg2 Kf5 40. Kf3 a4 41. g4+ Kg6 42. h4 axb3 43. axb3 Bc2 44. b4 Bd1 45. b5 cxb5 46. cxb5 Re7 47. b6 Rb7 48. Bc7 Kf6 49. Kf4 Ke6 50. g5 Kd5 51. g6 Kd4 52. g7 Kd3 53. g8=Q Bb3 54. Qxb3+ 1-0

[Event "*** SCC Grand Prix: Titled Tuesday Blitz"]
[Site "Chess.com"]
[Date "2020.08.11"]
[Round "8"]
[White "stolencandy13"]
[Black "GelmanAlexander"]
[Result "0-1"]
[WhiteElo "2418"]
[BlackElo "2574"]
[TimeControl "180+1"]
[EndTime "11:34:17 PDT"]
[Termination "GelmanAlexander won by checkmate"]

1. e4 c5 2. Nf3 e6 3. d4 cxd4 4. Nxd4 a6 5. c4 b6 6. Nc3 Bb7 7. Be2 d6 8. O-O Nd7 9. Be3 Ngf6 10. f3 Rc8 11. Rc1 Rg8 12. b3 g5 13. Bd3 Ne5 14. Bb1 h5 15. Qd2 Nfd7 16. Rce1 Qf6 17. f4 gxf4 18. Bxf4 Qg7 19. Re2 h4 20. Qe3 Be7 21.
Qh3 Nc5 22. Kh1 Ncd7 23. Nf3 b5 24. Bxe5 Nxe5 25. Nxe5 Qxe5 26. Ref2 Rg7 27. Ne2 bxc4 28. bxc4 Rxc4 29. Bd3 Ra4 30. Nf4 Bxe4 31. Bxe4 Rxe4 32. Qb3 Qb5 33. Qc2 Rc4 34. Qd1 Qc6 35. Qe2 Rc3 36.
Nh5 Rh7 37. Nf4 h3 38. Nxh3 Rcxh3 39. Qg4 Rxh2+ 40. Kg1 Rh1# 0-1

[Event "*** SCC Grand Prix: Titled Tuesday Blitz"]
[Site "Chess.com"]
[Date "2020.08.11"]
[Round "8"]
[White "AttackSparrow"]
[Black "tylityli"]
[Result "1-0"]
[WhiteElo "2323"]
[BlackElo "2162"]
[TimeControl "180+1"]
[EndTime "11:34:17 PDT"]
[Termination "AttackSparrow won by resignation"]

1. e4 e5 2. Nc3 Nf6 3. f4 d5 4. fxe5 Nxe4 5. Qe2 Bf5 6. Qb5+ c6 7. Qxb7 Qb6 8. Qxb6 axb6 9. Nf3 Nd7 10. Nd4 Nxe5 11. Nxf5 g6 12. Nxe4 dxe4 13. Ne3 O-O-O 14. a4 f5 15. a5 b5 16. a6 Bc5 17. b4 Bxb4 18. a7 Kb7 19. Be2 Rhe8 20. c3 Bc5 21. Bb2 Bxa7 22. Nc2 Bc5 23. Kd1 f4 24. Rf1 g5 25. Kc1 f3 26. gxf3 exf3 27.
Bxf3 Nd3+ 28. Kb1 Nxb2 29. Kxb2 Rxd2 30. Rad1 Rxh2 31. Rh1 Rxh1 32. Rxh1 Re7 33. Rh6 Rc7 34. Kb3 Bf8 35. Re6 Bg7 36. Nb4 Kc8 37. Bxc6 g4 38.
Nd5 Rxc6 39. Rxc6+ Kd7 40. Rc7+ Kd6 41. Rxg7 Kxd5 42. Rxg4 1-0

[Event "*** SCC Grand Prix: Titled Tuesday Blitz"]
[Site "Chess.com"]
[Date "2020.08.11"]
[Round "8"]
[White "m_ezat"]
[Black "goldihouse"]
[Result "1-0"]
[WhiteElo "2607"]
[BlackElo "2456"]
[TimeControl "180+1"]
[EndTime "11:34:18 PDT"]
[Termination "m_ezat won by resignation"]

1. d4 e6 2. c4 Nf6 3. Nc3 Bb4 4. e3 b6 5. a3 Bxc3+ 6. bxc3 c5 7. Bd3 Nc6 8. Ne2 O-O 9. O-O d6 10. e4 e5 11. f3 Ba6 12. Bg5 h6 13. Bh4 g5 14. Bf2 Na5 15. Ng3 Bc8 16. h4 Kg7 17. Be3 Nh7 18. Nh5+ Kg6 19. g4 f6 20. Kg2 Qe8 21. Rh1 Rh8 22. Ng3 Be6 23. Qe2 Qa4 24. Rh2 Bxc4 25. Rah1 Bxd3 26. Qxd3 Qc4 27. Qd1 Qxc3 28. hxg5 Qxe3 29. Rxh6+ Kf7 30. g6+ Ke6 31. dxe5 Qd4 32. Nf5 Qxe5 33. gxh7 Nc4 34. Qb3 Qb2+ 35. Qxb2 Nxb2 36. g5 Raf8 37. g6 Nc4 38. g7 Rc8 39. gxh8=Q Rxh8 40. Rg6 Ne5 41. Rg8 Nf7 42. Rxh8 Nxh8 43.
Rd1 d5 44. Rxd5 Ng6 45. Kg3 a6 46. Rd8 b5 47. Rg8 1-0

[Event "*** SCC Grand Prix: Titled Tuesday Blitz"]
[Site "Chess.com"]
[Date "2020.08.11"]
[Round "8"]
[White "Heineccius"]
[Black "sorito"]
[Result "1-0"]
[WhiteElo "2599"]
[BlackElo "2454"]
[TimeControl "180+1"]
[EndTime "11:34:18 PDT"]
[Termination "Heineccius won on time"]

1. d4 Nf6 2. c4 c6 3. Nf3 d6 4.
e3 Nbd7 5. Nc3 g6 6. b3 Bg7 7. Bb2 O-O 8. Be2 e5 9. O-O Re8 10. Qc2 e4 11. Nd2 d5 12. b4 a6 13. a4 Nf8 14. b5 h5 15. Ba3 N8h7 16. bxc6 bxc6 17.
cxd5 cxd5 18. Rfc1 h4 19. h3 Ng5 20. Bf1 Bd7 21.
Ne2 Qa5 22. Qc3 Qb6 23. Qc5 Qe6 24. Qd6 Bxa4 25. Qxe6 Nxe6 26. Bd6 Bb5 27. Nc3 Bxf1 28. Kxf1 Bf8 29. Be5 Nd7 30. Nxd5 Nxe5 31. Nf6+ Kh8 32. Nxe8 Nd3 33. Nc7 Rc8 34. Nxe6 Nxc1 35. Nxf8 Nd3 36.
Nd7 f5 37. Nc5 Nxc5 38. Rc1 Ra8 39. dxc5 a5 40. c6 a4 41. c7 a3 42. c8=Q+ Rxc8 43. Rxc8+ 1-0

[Event "*** SCC Grand Prix: Titled Tuesday Blitz"]
[Site "Chess.com"]
[Date "2020.08.11"]
[Round "8"]
[White "bazar-wokzal"]
[Black "Khazieva_Elza"]
[Result "1-0"]
[WhiteElo "2467"]
[BlackElo "2335"]
[TimeControl "180+1"]
[EndTime "11:34:19 PDT"]
[Termination "bazar-wokzal won by resignation"]

1. e4 c5 2. c3 d6 3. d4 Nf6 4.
Bd3 Nbd7 5. f4 e6 6. Nf3 Be7 7. O-O O-O 8. e5 Nd5 9. Qe2 cxd4 10. Qe4 f5 11. exf6 N7xf6 12. Qxd4 Qb6 13. Na3 Ng4 14. Qxb6 Nxb6 15. Re1 Bd7 16. h3 Nf6 17. Nc4 Nbd5 18. Nd4 Nc7 19. Bd2 b5 20. Na5 a6 21. Nac6 Rae8 22. a4 Nfd5 23. axb5 axb5 24. Nxe7+ Rxe7 25. Ra7 Ne8 26. Bxb5 Bxb5 27. Rxe7 Nxe7 28. Nxb5 Rf6 29. g4 d5 30. f5 Nc6 31. Bg5 Rf7 32. Rxe6 Kf8 33. Rxc6 Rb7 34. Nd6 Rxb2 35. Rc8 1-0

[Event "*** SCC Grand Prix: Titled Tuesday Blitz"]
[Site "Chess.com"]
[Date "2020.08.11"]
[Round "8"]
[White "Skatchkov_V"]
[Black "Grandelicious"]
[Result "1-0"]
[WhiteElo "2653"]
[BlackElo "2747"]
[TimeControl "180+1"]
[EndTime "11:34:21 PDT"]
[Termination "Skatchkov_V won by checkmate"]

1. d4 d5 2. c4 e6 3. Nf3 a6 4. cxd5 exd5 5. Nc3 h6 6. Bf4 Nf6 7. h3 Bd6 8. Bxd6 Qxd6 9. e3 Bf5 10. Bd3 Bxd3 11. Qxd3 Nbd7 12. O-O O-O 13. a3 c6 14.
Rac1 Qe7 15. Nd2 Ne8 16. b4 Nd6 17. Na4 f5 18. Nc5 Nf6 19. a4 Nfe4 20. Nf3 f4 21. Ne5 fxe3 22. Qxe3 Rf6 23. Kh2 Nf5 24. Qd3 Nfd6 25. f3 Ng5 26. Rce1 Qc7 27. Kg1 Ngf7 28. Ned7 Rf5 29. Re7 Qd8 30. Rfe1 b6 31. Nb7 Nxb7 32.
Qxf5 Nbd6 33. Qg6 a5 34. bxa5 Rxa5 35. Nf6+ Kf8 36. Qxf7+ Nxf7 37. Re8+ Qxe8 38. Rxe8# 1-0

[Event "*** SCC Grand Prix: Titled Tuesday Blitz"]
[Site "Chess.com"]
[Date "2020.08.11"]
[Round "8"]
[White "Casablanca"]
[Black "Fins0905"]
[Result "0-1"]
[WhiteElo "2464"]
[BlackElo "2640"]
[TimeControl "180+1"]
[EndTime "11:34:21 PDT"]
[Termination "Fins0905 won by checkmate"]

1. d4 d5 2. c4 c6 3. Nc3 Nf6 4. Nf3 dxc4 5. a4 Bf5 6. Ne5 Nbd7 7. Nxc4 Qc7 8. g3 e5 9. dxe5 Nxe5 10. Bf4 Nfd7 11.
Bg2 f6 12. O-O g5 13. Nxe5 Nxe5 14. Bxe5 Qxe5 15. Qb3 O-O-O 16. a5 Be6 17. Qa4 a6 18. Bxc6 Bc5 19. Bg2 h5 20. Ne4 Ba7 21. Qb4 Bd5 22. Nc5 Bxg2 23. Kxg2 Bxc5 24. Rac1 Rd5 25. e4 Kb8 26.
Qc4 Rd4 27. Qxc5 Rxe4 28. Rfd1 h4 29. Rd5 h3+ 30. Kf1 Qe8 31. Qc7+ Ka8 32. f3 Re7 33. Qb6 Re6 34. Qc7 Re7 35. Qb6 Qb8 36. Rd6 Rhe8 37.
Rdd1 Qe5 38. Qc5 Qe2+ 39. Kg1 Qg2# 0-1

[Event "*** SCC Grand Prix: Titled Tuesday Blitz"]
[Site "Chess.com"]
[Date "2020.08.11"]
[Round "8"]
[White "Firouzja2003"]
[Black "Alexander_Zubov"]
[Result "1-0"]
[WhiteElo "3040"]
[BlackElo "2836"]
[TimeControl "180+1"]
[EndTime "11:34:22 PDT"]
[Termination "Firouzja2003 won by resignation"]

1. e4 c5 2. Nf3 e6 3. d4 cxd4 4. Nxd4 a6 5. c4 Nf6 6. Nc3 Bb4 7. Qf3 d6 8. Qg3 Nbd7 9. Bd2 O-O 10. f3 d5 11. exd5 exd5 12. O-O-O Nb6 13. Bg5 Bxc3 14. bxc3 Na4 15. Rd3 Nc5 16. Re3 Ne6 17. Nxe6 fxe6 18. Bd3 d4 19. cxd4 Qxd4 20. Qe5 Qb6 21. Rd1 Rf7 22. Bc2 Bd7 23. Red3 Bc6 24. Be3 Qb4 25.
Rd8+ Rf8 26. Bc5 Qxc5 27. Qxc5 Raxd8 28. Rxd8 Rxd8 29. Qe7 Re8 30. Qc7 Kf8 31. Kb2 Re7 32. Qb8+ Kf7 33. Qe5 Rd7 34. g4 g6 35. g5 Nh5 36. Qh8 Rd2 37. Qxh7+ Kf8 38. Qxg6 Be8 39. Qh6+ Ng7 40. g6 1-0

[Event "*** SCC Grand Prix: Titled Tuesday Blitz"]
[Site "Chess.com"]
[Date "2020.08.11"]
[Round "8"]
[White "CraiggoryC"]
[Black "Klavdia_Nik"]
[Result "0-1"]
[WhiteElo "2166"]
[BlackElo "2052"]
[TimeControl "180+1"]
[EndTime "11:34:22 PDT"]
[Termination "Klavdia_Nik won on time"]

1. e4 g6 2. d4 Bg7 3. Nc3 c6 4.
Be3 d6 5. Qd2 b5 6. Bd3 a5 7.
Nf3 b4 8. Ne2 Ba6 9. O-O Qc7 10.
a3 c5 11. Bxa6 Nxa6 12. axb4 cxb4 13. c3 Nf6 14. e5 Ne4 15. Qd3 f5 16. Nf4 Qd7 17. e6 Qb7 18. h4 O-O 19. h5 g5 20.
Nh3 h6 21. Nh2 bxc3 22. bxc3 d5 23. f4 g4 24. Nf2 g3 25. Nf3 gxf2+ 26. Bxf2 Rac8 27.
Ne5 Rxc3 28. Qe2 Nb4 29. Ng6 Re8 30. Be1 Rc4 31. Rxa5 Qb6 32. Bxb4 Qxb4 33. Rfa1 Rcc8 0-1

[Event "*** SCC Grand Prix: Titled Tuesday Blitz"]
[Site "Chess.com"]
[Date "2020.08.11"]
[Round "8"]
[White "Cambek64"]
[Black "Zq1"]
[Result "0-1"]
[WhiteElo "2308"]
[BlackElo "2490"]
[TimeControl "180+1"]
[EndTime "11:34:24 PDT"]
[Termination "Zq1 won by resignation"]

1. d4 Nf6 2. Nc3 d5 3. Bf4 a6 4.
e3 e6 5. a3 c5 6. Nf3 Nc6 7.
Be2 Bd6 8. Ne5 Qc7 9. Nxc6 Bxf4 10. exf4 bxc6 11. Qd2 cxd4 12. Qxd4 c5 13. Qe5 Qxe5 14.
fxe5 Nd7 15. f4 g5 16. g3 gxf4 17. gxf4 Bb7 18. Bf3 f6 19. exf6 Rf8 20. O-O Rxf6 21. Rae1 Kf7 22. Ne2 Rg8+ 23. Ng3 Ke7 24. c4 Kd6 25.
cxd5 exd5 26. Bg2 Rgf8 27. f5 Ne5 28. Rd1 R6f7 29. Ne4+ Kc6 30. Ng5 Rxf5 31. Bxd5+ Kb6 32. Rxf5 Rxf5 33. Bxb7 Rxg5+ 34. Bg2 Nf3+ 35. Kh1 Nd4 36. b4 a5 37. bxc5+ Kxc5 38. Rc1+ Kb5 39. Rc7 Rc5 40. h3 Rxc7 0-1